 Dungeon Crawl Stone Soup version 0.31-a0-441-g867994ef1c (webtiles) character file.

Game seed: 13619065191874653994

16 randomguy2701 the Trooper (level 2, -2/27 HPs)
             Began as a Hill Orc Fighter on Aug 2, 2023.
             Slain by a gnoll
             ... wielding a +0 whip
              (5 damage)
             ... on level 2 of the Dungeon.
             The game lasted 00:00:58 (654 turns).

randomguy2701 the Trooper (Hill Orc Fighter)         Turns: 654, Time: 00:00:59

Health: -2/27      AC:  6    Str: 18    XL:     2   Next: 58%
Magic:  2/2        EV:  9    Int:  8    God:
Gold:   22         SH:  4    Dex: 10    Spells: 1/1 levels left

rFire   . . .        a - +0 war axe
rCold   . . .        c - +0 buckler
rNeg    . . .        b - +0 scale mail
rPois   .            (no helmet)
rElec   .            (no cloak)
rCorr   .            (no gloves)
SInv    .            (no boots)
Will    .....        (no amulet) Stlth
                     (no ring)
HPRegen 0.24/turn    (no ring)
MPRegen 0.08/turn

%: no passive effects
@: no status effects
A: no striking features
a: no special abilities


You were on level 2 of the Dungeon.
You visited 1 branch of the dungeon, and saw 2 of its levels.

You collected 22 gold pieces.

Inventory:

Hand Weapons
 a - a +0 war axe (weapon)
Armour
 b - a +0 scale mail (worn)
 c - a +0 buckler (worn)
Scrolls
 f - a scroll of teleportation {unknown}
 g - 3 scrolls of identify {unknown}
 h - a scroll of blinking {unknown}
 i - a scroll of torment {unknown}
Potions
 d - a potion of might
 e - a potion of degeneration {unknown}
 j - a potion of enlightenment {unknown}
 k - a potion of brilliance {unknown}


   Skills:
 + Level 3.9 Fighting
 + Level 3.1 Axes
 + Level 3.4 Armour
 + Level 0.1 Dodging
 + Level 3.6 Shields


You had one spell level left.
You didn't know any spells.
Your spell library was empty.

Dungeon Overview and Level Annotations

Branches:
Dungeon (2/15)

Altars:

Shops:
D:2 (


Message History

There are monsters nearby!
There are monsters nearby!
The gnoll shouts!
You hear a shout!
A kobold comes into view.
It is wielding a +0 short sword of venom.
A gnoll comes into view. It is wielding a +0 club.
The gnoll shouts!
The gnoll closely misses you.
You hit the gnoll.
The gnoll is lightly wounded.
The gnoll hits you with a +0 whip.
You slash the gnoll!
The gnoll is heavily wounded.
You slash the gnoll! The gnoll hits you but does no damage.
The gnoll hits you with a +0 flail. x2
You hit the gnoll.
The gnoll is heavily wounded.
You hit the gnoll but do no damage. You hit the kobold.
You block the gnoll's attack.
You closely miss the gnoll.
The gnoll is heavily wounded.
You hit the gnoll but do no damage. You hit the kobold.
You kill the kobold!
You hear a splash. x3
You barely miss the gnoll. The gnoll hits you with a +0 whip.
The gnoll hits you with a +0 club. The gnoll hits you but does no damage.
The gnoll barely misses you.
You hit the gnoll.
The gnoll is heavily wounded.
You hit the gnoll but do no damage. You hit the gnoll.
The gnoll hits you with a +0 club.
* * * LOW HITPOINT WARNING * * *
The gnoll closely misses you. The gnoll hits you but does no damage.
The gnoll hits you with a +0 flail.
* * * LOW HITPOINT WARNING * * *
The gnoll barely misses you.
You slash the gnoll!
You kill the gnoll!
You closely miss the gnoll. You barely miss the gnoll.
The gnoll hits you with a +0 whip.
You die...

#..#####.#
#..# #..#
#..# #####..#
#......#
#......#
#.~$~..#
#!~_g@.#
#.$~))g......
#.....$#####.
######.# .#
.# .. ..


You could see 2 gnolls.

Vanquished Creatures
  A gnoll (D:2)
  A worm (D:2)
  3 ball pythons
  An endoplasm (D:2)
  A goblin (D:2)
  3 bats
  2 frilled lizards
  3 kobolds
  A rat (D:2)
16 creatures vanquished.

Notes
Turn   | Place    | Note
-------+----------+-------------------------------------------
     0 | D:1      | randomguy2701 the Hill Orc Fighter began the quest for the
                  | Orb.
     0 | D:1      | Reached XP level 1. HP: 19/19 MP: 1/1
     6 | D:1      | Noticed a redback
     6 | D:1      | Noticed a swamp worm
     7 | D:1      | Noticed an anaconda
     7 | D:1      | Noticed a polar bear
   327 | D:1      | You fall into a shaft and drop 1 floor!
   367 | D:2      | Reached XP level 2. HP: 25/27 MP: 2/2
   402 | D:2      | Found Fuvvyexu's Weapon Shop.
   641 | D:2      | Found a faded altar of an unknown god.
   654 | D:2      | Slain by a gnoll

Illustrated notes

Levels and vault maps discovered:
D:1:      onia_arrival_zoo_common, layout_basic
D:2:      layout_loops_ring, serial_shops, nicolae_shop_scrapyard,
          hellmonk_ecumenical_altar_pennies_from_heaven

Skill      XL: |  1  2 |
---------------+-------+-----
Axes           | 3 |  3.1
Fighting       | |  3.9
Armour         | |  3.4
Dodging        | |  0.1
Shields        | |  3.6

Action                     || total
---------------------------++-------
  Melee: War axe           ||    57
 Armour: Scale mail        ||    31
  Dodge: Dodged            ||    37
  Block: Buckler           ||    10

Table legend: (Time is in decaauts)
 A = Elapsed time spent in this place.
 B = Non-inter-level travel time spent in this place.
 C = Inter-level travel time spent in this place.
 D = Time resting spent in this place.
 E = Time spent auto-exploring this place.
 F = Levels seen in this place.
 G = Mean time per level.
                   A        B        C        D        E       F      G
               +--------+--------+--------+--------+--------+-----+--------+
         Total |    675 |    675 |      0 |      0 |    546 |   2 |  337.5 |
       Dungeon |    675 |    675 |      0 |      0 |    546 |   2 |  337.5 |
               +--------+--------+--------+--------+--------+-----+--------+

Top non-repeatable levels by time:
     D:2: 340 daAuts
     D:1: 334 daAuts
